AoeStats
← Yume

Pilgrims

507723038Analyzed
2v2 RM · 13d ago on Sep 19, 2026· 58m 5s· 4 players
Game mode
Random Map
Map size
Medium (4 player)
Population
200
Speed
Normal
Resources
Standard
Victory
Conquest
Starting age
Dark Age
Ending age
Imperial Age
RankedLock teamsTeams togetherTeam positionsShared explorationLock speedFull tech treeHidden civsTurbo modeCheats
Victory
Defeat
🇪🇨 Huns · Ecuador
648
+14
🇪🇸 Persians · Spain
647
+14
🇨🇳 Chinese · China
598
-14
🇨🇳 Franks · China
595
-14
hzy
4:46 Loom
16:32 Feudal Age
19:27 Wheelbarrow
19:25 Double-Bit Axe
21:58 Castle Age
20:46 Fishing Lines
20:42 Man-at-Arms
25:39 Bow Saw
30:12 Medium Warships
32:20 Gold Mining
34:10 Stone Mining
34:56 Gold Shaft Mining
38:18 Pikeman
44:02 Imperial Age
42:00 Hand Cart
46:18 Two-Man Saw
45:27 Town Watch
45:24 Heavy Rocket Cart
46:14 Fletching
48:47 Chemistry
47:58 Fortified Wall
47:40 Heated Shot
48:10 Ballistics
47:49 Murder Holes
47:36 Capped Ram
47:37 Heavy Scorpion
50:08 Conscription
50:54 Town Patrol
55:36 Bodkin Arrow
dhlcool
13:56 Feudal Age
13:45 Loom
15:05 Double-Bit Axe
15:36 Gold Mining
19:45 Stone Mining
25:00 Castle Age
27:41 Fletching
37:08 Pikeman
37:40 Gambesons
41:09 Imperial Age
40:51 Caravan
41:54 Bow Saw
43:02 Gold Shaft Mining
43:37 Bodkin Arrow
43:59 Forging
44:57 Chemistry
44:12 Careening
44:26 Clinker Construction
45:00 Husbandry
46:06 Fortified Wall
51:47 Conscription
51:35 Chivalry
51:02 Cavalier
Gatsu
11:16 Feudal Age
14:41 Fishing Lines
15:23 Horse Collar
17:59 Double-Bit Axe
21:45 Castle Age
23:50 Gambesons
24:07 Squires
23:53 Arson
24:45 Loom
25:40 Wheelbarrow
25:41 Bow Saw
25:33 Heavy Plow
28:03 Fervor
28:51 Gillnets
29:54 Hand Cart
29:24 Town Watch
31:36 Town Patrol
34:19 Caravan
35:04 Gold Mining
35:12 Stone Mining
37:18 Gold Shaft Mining
37:22 Stone Shaft Mining
42:26 Imperial Age
40:52 Medium Warships
40:56 Kamandaran
41:53 Thumb Ring
41:08 Crossbowman
43:01 Fletching
43:21 Forging
43:12 Padded Archer Armor
43:19 Scale Barding Armor
43:15 Scale Mail Armor
46:25 Coinage
46:05 Guilds
47:27 Parthian Tactics
48:32 Two-Man Saw
48:04 Crop Rotation
47:20 Sappers
47:12 Elite War Elephant
48:27 Hoardings
48:04 Citadels
48:14 Conscription
48:40 Banking
53:34 Ballistics
53:24 Masonry
53:10 Murder Holes
54:16 Chemistry
53:06 Guard Tower
53:07 Heated Shot
53:26 Devotion
53:56 Chain Barding Armor
53:52 Chain Mail Armor
53:53 Leather Archer Armor
53:33 Bodkin Arrow
54:14 Iron Casting
Yume
12:16 Feudal Age
12:50 Loom
14:17 Fishing Lines
16:44 Wheelbarrow
17:18 Horse Collar
20:59 Castle Age
20:02 Scale Barding Armor
22:18 Hand Cart
27:58 Chain Barding Armor
29:31 Marauders
30:59 Gold Mining
31:00 Stone Mining
31:01 Double-Bit Axe
35:04 Gold Shaft Mining
38:29 Imperial Age
36:54 Demolition Ship
37:45 Medium Warships
37:25 Gillnets
39:30 Atheism
40:16 Husbandry
41:02 Elite Tarkan
41:15 Heavy Demolition Ship
43:03 Ballistics
43:45 Chemistry
43:25 Bow Saw
47:24 Conscription
52:38 Caravan
56:09 Bloodlines
59:02 Two-Man Saw
58:41 Plate Barding Armor
Connection lost

Rejoining the realm…

Still unreachable

The connection could not be restored.

Session expired

The server has moved on; the page needs a fresh start.